 Dungeon Crawl Stone Soup version 0.31-a0-986-g5e6e4ef867 (webtiles) character file.

Game seed: 6935096511740417102

873765 Lobster4 the Archmage (level 27, -19/196 (226) HPs)
             Began as a Mummy Earth Elementalist on Nov 19, 2023.
             Was the Champion of Vehumet.
             Demolished by a caustic shrike (26 damage)
             ... in the Vestibule of Hell on Nov 21, 2023.
             The game lasted 07:49:29 (111170 turns).

Lobster4 the Archmage (Mummy Earth Elementalist)  Turns: 111170, Time: 07:49:29

HP:   -19/196 (226) AC: 17    Str: 15 (21) XL:     27
MP:   21/63         EV: 25    Int: 26      God:    Vehumet [******]
Gold: 10802         SH: 11    Dex: 23 (25) Spells: 9/80 levels left

rFire   + + +        a - staff of Ascent {rC+ rN+ Dex+3 Stlth+ Earth}
rCold   + + +        d - +3 buckler {reflect}
rNeg    + + +        C - +3 leather armour of the Ecumenical Temple {rF+ rCorr Str+3 Dex+5}
rPois   ∞            R - -2 hat of the Alchemist {rElec rPois rF+ rC+ rN+ Will+ rMut rCorr}
rElec   +            u - +2 cloak {Will+}
rCorr   +            e - +2 pair of gloves {Dex+3}
SInv    +            l - +2 pair of boots {Fly}
Will    +++++        O - amulet "Dit Jila" {RegenMP Str+4 SInv}
Stlth   ++++         y - +5 ring of evasion
HPRegen 0.52/turn    K - ring "Jeideb" {rElec rF++ MP+9 Str+2}
MPRegen 0.78/turn

%: reflection, resist mutation, faith
@: flying, studying 8 skills, heavily drained
A: cold resistance 1, negative energy resistance 3, torment resistance 2, heat
vulnerability 1, in touch with death 2, no potions, faith
}: 7/15 runes: decaying, slimy, silver, golden, obsidian, abyssal, gossamer
a: Renounce Religion


You were in the Vestibule of Hell.
You worshipped Vehumet.
Vehumet was exalted by your worship.
You visited 16 branches of the dungeon, and saw 76 of its levels.
You visited the Abyss 1 time.
You also visited: Trove, Gauntlet and Volcano.

You collected 15301 gold pieces.
You spent 4499 gold pieces at shops.

Inventory:

Hand Weapons
 b - the +6 double sword "Mutenal" {heavy, MP+9}
   (You found it in a treasure trove)

   MP+9:      It affects your magic capacity (+9).
 L - the +9 sling of the Aged Spirits {freeze, rCorr}
   (You found it on level 1 of the Tomb of the Ancients)

   rCorr:     It protects you from acid and corrosion.
Missiles
 n - 4 curare-tipped darts
 x - 41 poisoned darts (quivered)
 M - 8 silver javelins
Armour
 d - a +3 buckler of reflection (worn)
 e - a +2 pair of gloves of dexterity (worn)
 l - a +2 pair of boots of flying (worn)
 t - a +2 cloak of preservation
 u - a +2 cloak of willpower (worn)
 C - the +3 leather armour of the Ecumenical Temple (worn) {rF+ rCorr Str+3 Dex+5}
   (You found it in a volcano)

   Str+3:     It affects your strength (+3).
   Dex+5:     It affects your dexterity (+5).
   rF+:       It protects you from fire.
   rCorr:     It protects you from acid and corrosion.
 R - the -2 hat of the Alchemist (worn) {rElec rPois rF+ rC+ rN+ Will+ rMut rCorr}
   (You found it in a Gauntlet)

   rF+:       It protects you from fire.
   rC+:       It protects you from cold.
   rElec:     It insulates you from electricity.
   rPois:     It protects you from poison rN+: It protects you from negative
   energy.
   Will+:     It increases your willpower.
   rCorr:     It protects you from acid and corrosion.
   rMut:      It protects you from mutation.
 Z - the +1 helmet "Saetaj" {rElec rC+ Str+3 Int+3}
   (You found it on level 5 of the Vaults)

   Str+3:     It affects your strength (+3).
   Int+3:     It affects your intelligence (+3).
   rC+:       It protects you from cold.
   rElec:     It insulates you from electricity.
Magical Staves
 a - the staff of Ascent (weapon) {rC+ rN+ Dex+3 Stlth+ Earth}
   (You acquired it on level 1 of the Elven Halls)

   [staff of earth]

   Base accuracy: +5 Base damage: 5 Base attack delay: 1.2 This weapon's minimum
   attack delay (0.6) is reached at skill level 12.
   Dex+3:     It affects your dexterity (+3).
   rC+:       It protects you from cold.
   rN+:       It protects you from negative energy.
   Stlth+:    It makes you more stealthy.
   Earth:     It increases the power of your Earth spells.
   It falls into the 'Staves' category.
   It is a one-handed weapon.
 g - the staff "Miesur" {rElec rN+ Necro}
   (You found it on level 3 of the Tomb of the Ancients)

   [staff of death]

   Base accuracy: +5 Base damage: 5 Base attack delay: 1.2 This weapon's minimum
   attack delay (0.6) is reached at skill level 12.
   rElec:     It insulates you from electricity.
   rN+:       It protects you from negative energy.
   Necro:     It increases the power of your Necromancy spells.
   It falls into the 'Staves' category.
   It is a one-handed weapon.
 p - the staff "Pebedeav" {rElec rF+ Str+4 Int-2 SInv Fire}
   (You found it on level 5 of the Lair of Beasts)

   [staff of fire]

   Base accuracy: +5 Base damage: 5 Base attack delay: 1.2 This weapon's minimum
   attack delay (0.6) is reached at skill level 12.
   Str+4:     It affects your strength (+4).
   Int-2:     It affects your intelligence (-2).
   rF+:       It protects you from fire.
   rElec:     It insulates you from electricity.
   SInv:      It lets you see invisible.
   Fire:      It increases the power of your Fire spells.
   It falls into the 'Staves' category.
   It is a one-handed weapon.
 s - the staff of Fate {rN+ Int+2 Dex+5 Stlth- Conj Necro}
   (You found it on level 7 of Gehenna)

   [staff of death]

   Base accuracy: +5 Base damage: 5 Base attack delay: 1.2 This weapon's minimum
   attack delay (0.6) is reached at skill level 12.
   Int+2:     It affects your intelligence (+2).
   Dex+5:     It affects your dexterity (+5).
   rN+:       It protects you from negative energy.
   Stlth-:    It makes you less stealthy.
   Conj:      It increases the power of your Conjurations spells.
   Necro:     It increases the power of your Necromancy spells.
   It falls into the 'Staves' category.
   It is a one-handed weapon.
 G - the staff "Tyighoda" {rC+ Int+3 Earth}
   (You found it on level 3 of the Elven Halls)

   [staff of earth]

   Base accuracy: +5 Base damage: 5 Base attack delay: 1.2 This weapon's minimum
   attack delay (0.6) is reached at skill level 12.
   Int+3:     It affects your intelligence (+3).
   rC+:       It protects you from cold.
   Earth:     It increases the power of your Earth spells.
   It falls into the 'Staves' category.
   It is a one-handed weapon.
 P - the staff "Paallohe" {Will+ Str-3 Dex+8 Earth}
   (You found it on level 3 of the Elven Halls)

   [staff of earth]

   Base accuracy: +5 Base damage: 5 Base attack delay: 1.2 This weapon's minimum
   attack delay (0.6) is reached at skill level 12.
   Str-3:     It affects your strength (-3).
   Dex+8:     It affects your dexterity (+8).
   Will+:     It increases your willpower.
   Earth:     It increases the power of your Earth spells.
   It falls into the 'Staves' category.
   It is a one-handed weapon.
 U - the staff "Wouvveoleph" {Fragile +Blink rC+ MP+9 Int+2 Ice}
   (You found it on level 3 of the Elven Halls)

   [staff of cold]

   Base accuracy: +5 Base damage: 5 Base attack delay: 1.2 This weapon's minimum
   attack delay (0.6) is reached at skill level 12.
   Int+2:     It affects your intelligence (+2).
   rC+:       It protects you from cold.
   MP+9:      It affects your magic capacity (+9).
   +Blink:    It lets you blink.
   Fragile:   It will be destroyed if unequipped.
   Ice:       It increases the power of your Ice spells.
   It falls into the 'Staves' category.
   It is a one-handed weapon.
Jewellery
 q - the amulet "Gauz" {Will+ Regen+ SInv}
   (You found it in a treasure trove)

   [amulet of regeneration]

   Will+:     It increases your willpower.
   SInv:      It lets you see invisible.
   Regen+:    It increases your rate of health regeneration.
 y - a +5 ring of evasion (left hand)
 I - an amulet of reflection
 K - the ring "Jeideb" (right hand) {rElec rF++ MP+9 Str+2}
   (You found it in a treasure trove)

   [ring of magical power]

   Str+2:     It affects your strength (+2).
   rF++:      It greatly protects you from fire.
   rElec:     It insulates you from electricity.
   MP+9:      It affects your magic capacity (+9).
 O - the amulet "Dit Jila" (around neck) {RegenMP Str+4 SInv}
   (You found it in a Gauntlet)

   [amulet of magic regeneration]

   RegenMP:   It increases your rate of magic regeneration.
   Str+4:     It affects your strength (+4).
   SInv:      It lets you see invisible.
Wands
 j - a wand of flame (170)
 z - a wand of digging (14)
 N - a wand of quicksilver (45)
 V - a wand of iceblast (37)
 Y - a wand of mindburst (63)
Scrolls
 c - 15 scrolls of amnesia
 f - 12 scrolls of poison
 h - 6 scrolls of silence
 i - 26 scrolls of teleportation
 k - 13 scrolls of fog
 r - 2 scrolls of summoning
 w - a scroll of torment
 A - 10 scrolls of immolation
 B - 2 scrolls of blinking
 F - 3 scrolls of fear
 J - 7 scrolls of revelation
Miscellaneous
 m - the horn of Geryon
 o - a figurine of a ziggurat
 v - a phial of floods
 H - a phantom mirror
 W - a condenser vane
 X - a sack of spiders


   Skills:
 + Level 20.4 Fighting
 - Level 2.0(6.5) Short Blades
 - Level 9.8(10.0) Long Blades
 - Level 0.6(4.3) Maces & Flails
 - Level 6.9(7.0) Staves
 - Level 2.0 Ranged Weapons
 - Level 3.0 Throwing
 - Level 15.0 Armour
 + Level 11.0 Dodging
 - Level 6.0 Stealth
 - Level 12.0 Shields
 O Level 27 Spellcasting
 * Level 21.6 Conjurations
 - Level 2.0 Hexes
 - Level 5.0 Necromancy
 - Level 1.0 Transmutations
 - Level 3.0 Fire Magic
 - Level 5.0 Air Magic
 O Level 27 Earth Magic
 - Level 1.0 Poison Magic
 - Level 10.0 Evocations


You had 9 spell levels left.
You knew the following spells:

 Your Spells              Type           Power      Damage    Failure   Level
a - Sandblast             Erth           100%       2d20      0%          1
b - Stone Arrow           Conj/Erth      100%       3d13      0%          3
c - Bombard               Conj/Erth      63%        9d10      0%          6
d - Lehudib's Crystal Sp  Conj/Erth      63%        10d15     1%          8
e - Shatter               Erth           66%        3d49*     1%          9
f - Iskenderun's Mystic   Conj/Tloc      74%        2d15      1%          4
g - Iskenderun's Battles  Conj           99%        2d15      0%          5
h - Arcjolt               Conj/Air       40%        1d50      1%          5
i - Necrotise             Necr           100%       1d9       1%          1
j - Fulminant Prism       Conj/Hex       38%        3d17      1%          4
k - Mephitic Cloud        Conj/Pois/Air  70%        N/A       1%          3
l - Lee's Rapid Deconstr  Erth           66%        3d30*     0%          5
m - Petrify               Tmut/Erth      100%       N/A       1%          4
n - Brom's Barrelling Bo  Conj/Erth      100%       2d11      0%          4
o - Orb of Destruction    Conj           49%        9d13      1%          7
p - Passwall              Tmut/Erth      86%        N/A       0%          2

Your spell library contained the following spells:

 Spells                   Type           Power      Damage    Failure   Level
 Chain Lightning          Conj/Air       40%        3d54      71%         9
 Fire Storm               Conj/Fire      39%        8d10      83%         9
 Foxfire                  Conj/Fire      100%       2x1d9     0%          1
 Kiss of Death            Conj/Necr      100%       2d13      0%          1
 Magic Dart               Conj           100%       1d8       0%          1
 Momentum Strike          Conj/Tloc      100%       3d10      0%          2
 Searing Ray              Conj           100%       2d8       0%          2
 Static Discharge         Conj/Air       100%       3-8/arc   0%          2
 Apportation              Tloc           70%        N/A       1%          1
 Freeze                   Ice            100%       1d10      1%          1
 Slow                     Hex            100%       N/A       1%          1
 Sting                    Tmut/Pois      100%       1d8       1%          1
 Summon Small Mammal      Summ           100%       N/A       1%          1
 Blink                    Tloc           70%        N/A       1%          2
 Call Imp                 Summ           70%        N/A       1%          2
 Cigotuvi's Dreadful Rot  Necr/Pois/Air  100%       N/A       1%          2
 Jinxbite                 Hex            90%        N/A       1%          2
 Lesser Beckoning         Tloc           70%        N/A       1%          2
 Poisonous Vapours        Pois/Air       100%       N/A       1%          2
 Scorch                   Fire           100%       2d9       1%          2
 Confusing Touch          Hex            45%        N/A       1%          3
 Dazzling Flash           Conj/Hex       100%       N/A       1%          3
 Frozen Ramparts          Ice            70%        1d11      1%          3
 Hailstorm                Conj/Ice       74%        3d15      1%          3
 Ignite Poison            Fire/Tmut/Pois 43%        N/A       1%          3
 Inner Flame              Hex/Fire       48%        N/A       1%          3
 Sigil of Binding         Hex            45%        N/A       1%          3
 Tukima's Dance           Hex            45%        N/A       1%          3
 Vampiric Draining        Necr           95%        2d12      1%          3
 Volatile Blastmotes      Fire/Tloc      84%        2d17      1%          3
 Airstrike                Air            28%        2d(5-21)  1%          4
 Animate Armour           Summ/Erth      100%       N/A       1%          4
 Animate Dead             Necr           95%        N/A       1%          4
 Dispel Undead            Necr           95%        3d30      1%          4
 Flame Wave               Conj/Fire      78%        2d17      1%          4
 Leda's Liquefaction      Hex/Erth       52%        N/A       1%          4
 Olgreb's Toxic Radiance  Pois           40%        N/A       1%          4
 Sticky Flame             Conj/Fire      78%        2d9       1%          4
 Fireball                 Conj/Fire      39%        3d16      1%          5
 Freezing Cloud           Conj/Ice/Air   34%        6-21      1%          5
 Irradiate                Conj/Tmut      38%        3d24      1%          5
 Conjure Ball Lightning   Conj/Air       40%        3x3d13    1%          6
 Starburst                Conj/Fire      39%        6d11      1%          6
 Summon Guardian Golem    Hex/Summ       40%        N/A       2%          3
 Anguish                  Hex/Necr       44%        N/A       2%          4
 Call Canine Familiar     Summ           35%        N/A       3%          3
 Gell's Gravitas          Tloc           35%        N/A       3%          3
 Ozocubu's Armour         Ice            35%        N/A       3%          3
 Teleport Other           Tloc           35%        N/A       3%          3
 Summon Lightning Spire   Summ/Air       48%        N/A       3%          4
 Agony                    Necr           95%        N/A       3%          5
 Spellforged Servitor     Conj/Summ      37%        N/A       3%          7
 Cause Fear               Hex            22%        N/A       4%          4
 Yara's Violent Unravell  Hex/Tmut       21%        3d10      4%          5
 Dimensional Bullseye     Hex/Tloc       20%        N/A       7%          4
 Silence                  Hex/Air        26%        N/A       7%          5
 Plasma Beam              Fire/Air       27%        2x1d39    9%          6
 Manifold Assault         Tloc           35%        N/A       11%         4
 Summon Ice Beast         Ice/Summ       35%        N/A       11%         4
 Alistair's Intoxication  Tmut/Pois      26%        N/A       21%         5
 Metabolic Englaciation   Hex/Ice        20%        N/A       21%         5
 Simulacrum               Ice/Necr       41%        N/A       52%         6
 Dispersal                Tloc           17%        N/A       86%         6
 Summon Cactus Giant      Summ           17%        N/A       86%         6
 Ozocubu's Refrigeration  Ice            17%        4d11      89%         7
 Maxwell's Capacitive Co  Air            28%        ∞         89%         8
 Haunt                    Necr/Summ      41%        N/A       97%         7
 Enfeeble                 Hex            22%        N/A       99%         7
 Ignition                 Fire           25%        3d8       99%         8
 Monstrous Menagerie      Summ           17%        N/A       100%        7
 Summon Hydra             Summ           17%        N/A       100%        7
 Disjunction              Tloc           17%        N/A       100%        8
 Dragon's Call            Summ           17%        N/A       100%        9
 Polar Vortex             Ice            17%        12d2*     100%        9
 Sublimation of Blood     Necr           Unusable   N/A       N/A         2
 Wereblood                Tmut           Unusable   N/A       N/A         2
 Borgnjor's Revivificati  Necr           Unusable   N/A       N/A         8
 Death's Door             Necr           Unusable   N/A       N/A         9

Dungeon Overview and Level Annotations

Branches:
Dungeon (15/15)            Temple (0/1) D:5            Lair (5/5) D:11
  Swamp (4/4) Lair:3       Spider (4/4) Lair:2        Slime (5/5) Lair:4
    Orc (2/2) D:11            Elf (3/3) Orc:2        Vaults (5/5) D:13
  Crypt (3/3) Vaults:3       Tomb (3/3) Crypt:3      Depths (4/4) D:15
   Hell (1/1)                 Dis (6/7) Hell            Geh (7/7) Hell
    Coc (4/7) Hell            Tar (0/7) Hell            Zot (5/5) Depths:4
Volcano (visited)         Gauntlet (visited)

Altars:
Dithmenos
Fedhas
Hepliaklqana
Kikubaaqudgha
Nemelex Xobeh
Qazlal
Ru
Sif Muna
Trog
Vehumet
Wu Jian
Xom
Yredelemnul
Jiyva

Shops:
D:2 [   D:5 *   D:6 :   Orc:1 !   Orc:2 [*=(   Elf:2 [:   Vaults:1 [(
Vaults:2 (   Vaults:4 !   Depths:1 (   Depths:3 :=:

Portals:
Hell: Depths:1 Depths:2 Depths:3 Depths:4
Abyss: Depths:2 Depths:3
Pandemonium: Depths:2
Ziggurat: Depths:3

Annotations:
D:10 1 exclusion
Depths:3 Mennas


Innate Abilities, Weirdness & Mutations

You are immune to poison.
Your flesh is cold resistant. (rC+)
You are immune to negative energy. (rN+++)
You are immune to unholy pain and torment.
You are vulnerable to heat. (rF-)
You are strongly in touch with the powers of death.
You do not drink.
You have a special connection with the divine. (Faith)


Message History

The caustic shrike is lightly wounded.
Your battlesphere fires!
The barrage of energy hits the caustic shrike!
The caustic shrike is heavily wounded.
The caustic shrike completely misses you.
The caustic shrike claws you!
You are splashed with acid.
You resist. You block the caustic shrike's attack.
Casting: Arcjolt (safe; 1% risk of failure)
Confirm with . or Enter, or press ? or * to list all spells.
Aiming: Lehudib's Crystal Spear (mildly dangerous; 1% risk of failure)
Press: ? - help, Shift-Dir - straight line, f - caustic shrike
Aim: a caustic shrike (heavily wounded, ally target, 67% to hit)
You feel a surge of power!
The crystal spear misses the caustic shrike.
Your battlesphere fires!
The barrage of energy hits the caustic shrike!
The caustic shrike is heavily wounded.
The caustic shrike claws you!!
* * * LOW HITPOINT WARNING * * *
You are splashed with acid.
You resist.
* * * LOW HITPOINT WARNING * * *
You block the caustic shrike's attack. x2; The caustic shrike claws you!
* * * LOW HITPOINT WARNING * * *
You are splashed with acid.
You resist.
* * * LOW HITPOINT WARNING * * *
The caustic shrike barely misses you. The caustic shrike misses you.
The caustic shrike claws you!
* * * LOW HITPOINT WARNING * * *
You are splashed with acid.
You resist.
* * * LOW HITPOINT WARNING * * *
You block the caustic shrike's attack.
You fly up through the gate.
Welcome back to the Vestibule of Hell!
Your battlesphere wavers and loses cohesion.
There is a gateway to the Iron City of Dis here.
Blink to where?
Press: ? - help, Dir - move target
As you read the scroll of blinking, it crumbles to dust.
As you read the scroll of summoning, it crumbles to dust.
Wisps of shadow whirl around you... The caustic shrike claws you!!
You die...

##.....## ##§# ##.......##
##§ ##≈≈≈≈.≈≈≈≈## ##
#≈≈≈≈...≈≈≈≈# #
#####'''#####
##...........##
##.............##
##...#########...##
##...##.....3@##...##
##...##......b..##...##
##...##...#''b#s3.##...##
##...##...##...##...##...##
#....'....#.....#....'....##
..^..'....#..∩..#....'.....#
############################


You could see 2 caustic shrikes, a friendly soul eater (summoned), a friendly
demonic crawler (summoned) and a friendly sun demon (summoned).

Vanquished Creatures
  Asmodeus (Geh:7)
  the Royal Jelly (Slime:5)
  5 dread liches
  3 ancient liches
  14 orbs of fire
  4 juggernauts (Geh:5)
  14 royal mummies
  Boris (Vaults:2)
  14 shard shrikes
  Bai Suzhen (Elf:3)
  Frederick (Vaults:4)
  2 Killer Klowns (Zot:5)
  Margery (Vaults:2)
  Parghit (Zot:4)
  Geryon (Hell)
  2 curse toes
  24 caustic shrikes
  Nikola (Vaults:2)
  8 golden dragons
  7 Brimstone Fiends
  An iron giant (Geh:5)
  3 electric golems
  Zenata (Elf:3)
  12 tentacled monstrosities
  25 Orb Guardians
  3 hellephants
  Mlioglotl (Swamp:3)
  3 tainted leviathans (Geh:5)
  6 Hell Sentinels
  Rupert (Orc:2)
  3 Ice Fiends
  4 liches
  4 deep elf blademasters
  2 deep elf master archers (Elf:3)
  11 quicksilver dragons
  15 titans
  20 searing wretches
  Frances (D:14)
  13 death cobs
  An Executioner (Abyss:3)
  18 acid blobs
  11 sphinxes
  24 ancient champions
  2 tentacled starspawn (Abyss:3)
  Agnes (Elf:1)
  A thorn hunter (Swamp:4)
  Aizul (Spider:3)
  Roxanne (Elf:1)
  17 storm dragons
  14 shadow dragons
  12 tengu reavers
  Donald (Crypt:1)
  2 fenstrider witches
  7 revenants
  14 draconian monks
  14 azure jellies
  6 narguns
  8 rockslimes
  3 emperor scorpions
  7 iron dragons
  8 draconian knights
  7 quicksilver elementals
  14 frost giants
  5 deep elf sorcerers
  26 balrugs
  10 ghost moths
  12 draconian scorchers
  A deep elf elementalist (Elf:3)
  28 fire giants
  21 vault wardens
  6 draconian stormcallers
  A spectral juggernaut (Crypt:3)
  2 juggernaut zombies
  Louise (Swamp:1)
  2 caustic shrike zombies (Geh:4)
  A curse skull (Crypt:3)
  3 orc warlords
  8 draconian shifters
  8 reapers
  3 cacodemons (Abyss:3)
  18 very ugly things
  10 ironbound preservers
  2 spriggan defenders
  A caustic shrike skeleton (Geh:4)
  22 stone giants
  5 formless jellyfish
  5 ghouls
  4 ironbound thunderhulks
  4 broodmothers
  4 draconian annihilators
  3 shard shrike simulacra
  3 vampire knights
  9 war gargoyles
  10 quicksilver oozes
  The ghost of Tollund the Thaumaturge, a journeyman DjCj of Gozag (Lair:5)
  3 eleionomae
  4 elemental wellsprings
  The ghost of Begoar the Fighter, a journeyman HuMo of Wu Jian (Lair:5)
  The ghost of ShellytheWitch the Slicer, a journeyman KoBr of Dithmenos (Lair:5)
  A juggernaut skeleton (Tomb:1)
  17 green draconians
  A putrid mouth (Hell)
  13 yellow draconians
  15 black draconians
  7 deep elf demonologists
  5 wendigos
  17 red draconians
  28 bennus
  A minotaur (Gauntlet)
  6 deep elf annihilators
  8 white draconians
  4 iron golems
  2 dire elephants
  9 purple draconians
  11 spark wasps
  4 bunyips
  3 blizzard demons (Hell)
  15 ettins
  Snorg (Lair:3)
  3 crystal guardians (Vaults:2)
  19 deep elf death magi
  9 eidola
  2 quicksilver dragon zombies
  15 fire dragons
  3 spectral quicksilver dragons (Crypt:3)
  12 jiangshi
  Josephine (Lair:3)
  2 spectral spriggans (Crypt:3)
  19 mummy priests
  12 yaktaur captains
  3 green deaths
  2 deep elf high priests (Vaults:5)
  4 entropy weavers
  6 ice dragons
  20 hydras
  A shambling mangrove (Swamp:4)
  14 great orbs of eyes
  5 hell beasts
  42 vault guards
  A spriggan zombie (Geh:4)
  3 juggernaut simulacra
  2 rakshasas
  5 spriggan air magi
  Harold (Lair:1)
  11 salamander tyrants
  9 caustic shrike simulacra
  17 ironbound frosthearts
  A catoblepas (Depths:2)
  12 boulder beetles
  2 jorogumos
  5 alligators
  An ogre mage (Vaults:1)
  4 peacekeepers
  2 radroaches
  27 centaur warriors
  38 dancing weapons
  20 stokers
  5 death knights
  5 spriggan berserkers
  4 death yaks
  A satyr (shapeshifter) (Vaults:5)
  2 two-headed ogres
  8 deep troll shamans
  6 deep troll earth magi
  27 hell hogs
  3 orc high priests (Orc:2)
  47 death scarabs
  2 spectral storm dragons (Crypt:3)
  3 vampire magi
  4 tengu warriors
  A shock serpent (shapeshifter) (Vaults:4)
  Sonja (D:11)
  9 demonic crawlers
  5 soul eaters
  Urug (Orc:2)
  2 thrashing horrors
  13 spriggans
  6 iron trolls
  8 shadow wraiths
  30 skeletal warriors
  7 crystal echidnas
  A spectral dire elephant (Crypt:3)
  19 hell knights
  27 deep elf knights
  A spectral spark wasp (Depths:2)
  2 titan skeletons
  2 skysharks (Lair:5)
  6 pharaoh ants
  2 salamander mystics
  6 sun demons
  2 storm dragon skeletons
  40 deep trolls
  3 wretched stars
  2 spriggan druids (Swamp:4)
  7 bog bodies
  A death drake (shapeshifter) (Vaults:5)
  12 flayed ghosts
  A spark wasp zombie (Crypt:1)
  A death drake (Swamp:4)
  A shadow demon (Hell)
  5 goliath frogs
  A quicksilver dragon simulacrum (Crypt:2)
  3 swamp dragons
  7 orb spiders
  2 anaconda skeletons
  8 glowing orange brains
  4 spriggan simulacra
  A bunyip skeleton (Crypt:2)
  A steelbarb worm (shapeshifter) (Vaults:5)
  6 arcanists
  A lindwurm (shapeshifter) (Vaults:5)
  18 phantasmal warriors
  11 necromancers
  A fenstrider witch simulacrum (Coc:1)
  19 ironbound convokers
  14 deep elf archers
  23 deep elf zephyrmancers
  4 lindwurms
  9 orc knights
  An iron dragon zombie (Depths:3)
  19 starcursed masses (Abyss:3)
  5 steelbarb worms
  27 wolf spiders
  12 orc sorcerers
  10 shining eyes
  2 spectral ettins (Crypt:3)
  A fire giant zombie (Depths:3)
  A mana viper (shapeshifter) (Vaults:5)
  A stone giant zombie (Tomb:1)
  An alligator skeleton (Hell)
  32 deep elf pyromancers
  31 moths of wrath
  7 cyclopes
  A frost giant zombie (Depths:3)
  5 will-o-the-wisps
  A spectral alligator snapping turtle (Crypt:3)
  41 ugly things
  A spectral centaur (Crypt:3)
  2 dire elephant zombies
  4 salamanders
  21 elephants
  14 black mambas
  A guardian serpent (Depths:2)
  7 smoke demons
  8 molten gargoyles
  A formless jellyfish zombie (Crypt:1)
  9 vault sentinels
  7 torpor snails
  6 rust devils (Hell)
  4 titan simulacra
  4 eyes of devastation
  8 cane toads
  An orc skeleton (Crypt:1)
  A storm dragon simulacrum (Coc:1)
  Jeremiah (D:8)
  25 freezing wraiths
  3 orange demons (Swamp:4)
  A centaur skeleton (Crypt:2)
  2 gargoyles
  13 hellions
  A pale draconian zombie (Crypt:2)
  A kobold demonologist (D:12)
  Psyche (D:10)
  13 komodo dragons
  3 unseen horrors
  34 yaktaurs
  A rime drake (Lair:4)
  5 bunyip simulacra
  2 iron giant simulacra
  A purple draconian zombie (Crypt:2)
  2 efreet
  A yaktaur (shapeshifter) (Vaults:5)
  A tengu conjurer (Depths:3)
  2 spectral harpies (Crypt:3)
  5 anaconda simulacra
  2 death yak skeletons (Crypt:3)
  A golden dragon simulacrum (Coc:4)
  45 guardian mummies
  2 harpy zombies
  12 tormentors
  A red devil (Volcano)
  2 polar bears
  3 shadow dragon simulacra
  3 hydra zombies (Hell)
  10 meliai
  A sea snake skeleton (Hell)
  2 ancient zymes (Abyss:3)
  2 bloated husks
  25 large abominations
  9 trolls
  An alligator simulacrum (Hell)
  22 tarantellas
  4 raiju (Abyss:3)
  A harpy skeleton (Crypt:1)
  20 blink frogs
  3 glass eyes
  2 tarantellas (shapeshifter)
  A guardian serpent zombie (Crypt:1)
  A jumping spider zombie (Crypt:2)
  9 tyrant leeches
  A glass eye (shapeshifter) (Vaults:5)
  18 hornets
  2 hydra skeletons (Hell)
  A frost giant simulacrum (Depths:3)
  A boulder beetle zombie (Crypt:1)
  An ettin skeleton (Tomb:2)
  5 stone giant simulacra
  31 flying skulls
  2 spriggan skeletons
  A snapping turtle (shapeshifter) (Vaults:5)
  5 shadows
  A jumping spider (shapeshifter) (Elf:1)
  Sigmund (D:4)
  9 ushabtiu
  A ynoxinul (Abyss:3)
  26 culicivoras
  3 dire elephant simulacra
  38 jumping spiders
  6 centaur simulacra
  A naga simulacrum (Coc:3)
  144 slime creatures
  3 air elementals
  7 water elementals
  21 wraiths
  A culicivora (shapeshifter) (Depths:2)
  2 vampires
  10 wyverns
  3 fire elementals
  7 fire bats
  45 yaks
  A chaos spawn (Abyss:3)
  Grum (D:10)
  A hog (Swamp:4)
  10 golden eyes
  A golden eye (shapeshifter) (D:10)
  7 basilisks
  3 neqoxecs
  3 steam dragons
  60 redbacks
  13 vampire mosquitoes
  2 naga zombies
  18 swamp worms
  8 harpy simulacra
  Edmund (D:4)
  5 wargs
  7 hell hounds
  2 acid dragons
  A hydra simulacrum (Coc:2)
  A two-headed ogre skeleton (Crypt:3)
  8 water moccasins
  Duvessa (D:6)
  A water nymph skeleton (Crypt:3)
  40 orc warriors
  A merfolk skeleton (Crypt:2)
  A meliai simulacrum (Gauntlet)
  9 swamp drakes
  2 sky beasts (D:7)
  A swamp dragon zombie (Crypt:2)
  A black bear (shapeshifter) (D:14)
  2 ettin simulacra
  13 ogres
  6 black bears
  14 centaurs
  21 wolves
  2 kobold brigands
  8 bullfrogs
  A fire crab zombie (Crypt:2)
  3 necrophages
  2 gnoll sergeants
  2 earth elementals
  3 scorpions
  A komodo dragon skeleton (Crypt:1)
  A cane toad simulacrum (Gauntlet)
  5 wights
  Dowan (D:6)
  23 small abominations
  A water moccasin skeleton (Crypt:3)
  15 killer bees
  14 electric eels
  2 howler monkeys
  9 lava snakes
  A jelly (D:8)
  A quasit (Abyss:1)
  5 hounds
  28 orc priests
  A gnoll bouda (D:5)
  30 orc wizards
  6 iguanas
  8 hell rats
  A tengu skeleton (Crypt:1)
  41 mummies
  22 gnolls
  5 adders
  A shadow imp (D:8)
  2 white imps
  2 ufetubi (D:6)
  A lava snake skeleton (Crypt:1)
  A worm (D:3)
  2 dart slugs (D:1)
  112 orcs
  5 ball pythons
  3 endoplasms
  3 giant cockroaches
  3 goblins
  8 hobgoblins
  4 jackals (D:1)
  34 kobolds
  3 quokkas
  3 training dummies (Depths:1)
  A ball python skeleton (Crypt:3)
  3 bats
  An endoplasm zombie (Crypt:1)
  2 frilled lizards (D:1)
  A goblin zombie (Crypt:1)
  A quokka skeleton (Crypt:2)
  4 rats
  A river rat zombie (Crypt:1)
  5 butterflies (Crypt:3)
  5 creeping infernos
  8 fire vortices
  2 lurking horrors (Abyss:3)
  2 starspawn tentacles (Abyss:3)
3401 creatures vanquished.

Vanquished Creatures (collateral kills)
  An acid blob (Slime:5)
  An azure jelly (Slime:5)
  A rockslime (Slime:5)
  Lodul (D:11)
  A wolf spider (Spider:4)
  An ogre (D:11)
  3 boulders (Elf:1)
9 creatures vanquished.

Vanquished Creatures (others)
  2 stokers (Geh:7)
  A deep elf knight (Elf:1)
  2 deep elf zephyrmancers
  A yaktaur (Vaults:3)
  An anaconda simulacrum (Coc:3)
  A tarantella (Spider:1)
  A human (D:3)
  9 boulders
  2 creeping infernos
  2 foxfires (Swamp:4)
  14 fulminant prisms
  2 starspawn tentacles (Abyss:3)
38 creatures vanquished.

Grand Total: 3448 creatures vanquished

Notes
Turn   | Place    | Note
-------+----------+-------------------------------------------
     0 | D:1      | Lobster4 the Mummy Earth Elementalist began the quest for
                  | the Orb.
     0 | D:1      | Reached XP level 1. HP: 13/13 MP: 4/4
   168 | D:1      | Reached XP level 2. HP: 3/20 MP: 0/5
   334 | D:1      | Reached skill level 1 in Transmutations
   472 | D:1      | Learned a level 2 spell: Passwall
   661 | D:1      | Reached skill level 1 in Fighting
   821 | D:1      | Reached XP level 3. HP: 26/26 MP: 5/7
  1050 | D:2      | Identified the of Qantakke
  1151 | D:2      | Found a faded altar of an unknown god.
  1281 | D:2      | Found Mojaegun's Antique Armour Shop.
  1338 | D:2      | Reached skill level 1 in Armour
  1385 | D:2      | Reached XP level 4. HP: 32/32 MP: 4/8
  1389 | D:2      | Learned a level 3 spell: Stone Arrow
  2433 | D:3      | Found a sacrificial altar of Ru.
  2450 | D:3      | Reached XP level 5. HP: 33/38 MP: 5/10
  2783 | D:2      | Bought a pair of runed boots for 157 gold pieces
  2830 | D:3      | Found an ancient bone altar of Kikubaaqudgha.
  2832 | D:3      | Noticed a human
  2834 | D:3      | Killed a human
  3124 | D:4      | Noticed Sigmund
  3232 | D:4      | Reached skill level 1 in Conjurations
  3232 | D:4      | Reached skill level 1 in Evocations
  3339 | D:4      | Reached XP level 6. HP: 44/44 MP: 8/11
  3378 | D:4      | Noticed Edmund
  3415 | D:4      | Found a radiant altar of Vehumet.
  3445 | D:4      | Became a worshipper of Vehumet
  3598 | D:4      | Found a shimmering blue altar of Sif Muna.
  3686 | D:5      | Entered Level 5 of the Dungeon
  3686 | D:5      | Found Daokuush's Assorted Antiques.
  4251 | D:5      | Found a staircase to the Ecumenical Temple.
  4373 | D:5      | Reached * piety under Vehumet
  4373 | D:5      | Offered knowledge of Kiss of Death by Vehumet.
  4410 | D:5      | Found a sparkling altar of Nemelex Xobeh.
  4624 | D:5      | Reached XP level 7. HP: 51/51 MP: 9/13
  5129 | D:2      | Bought a pair of runed gloves for 157 gold pieces
  5409 | D:6      | Noticed a two-headed ogre
  5439 | D:6      | Found Hoacafal's Self-Improvement Boutique.
  5506 | D:6      | Reached skill level 5 in Spellcasting
  5641 | D:6      | Noticed Duvessa
  5642 | D:6      | Noticed Dowan
  5656 | D:5      | Reached XP level 8. HP: 58/58 MP: 11/15
  6301 | D:6      | Killed a two-headed ogre
  6302 | D:6      | Reached skill level 5 in Earth Magic
  6302 | D:6      | Reached XP level 9. HP: 37/63 MP: 0/19
  6433 | D:6      | Killed Duvessa
  6438 | D:6      | Killed Dowan
  6840 | D:4      | Killed Sigmund
  6919 | D:4      | Killed Edmund
  7097 | D:4      | Learned a level 4 spell: Brom's Barrelling Boulder
  7258 | D:7      | Offered knowledge of Static Discharge by Vehumet.
  7444 | D:7      | Reached ** piety under Vehumet
  7445 | D:7      | Reached skill level 1 in Ranged Weapons
  7590 | D:7      | Found a blossoming altar of Fedhas.
  7695 | D:7      | Reached skill level 5 in Conjurations
  8009 | D:5      | Bought a scroll labelled VETOSA BAESTY for 30 gold pieces
  8151 | D:5      | Bought 3 scrolls of identify for 180 gold pieces
  8466 | D:7      | Reached skill level 1 in Shields
  8775 | D:7      | Offered knowledge of Frozen Ramparts by Vehumet.
  9088 | D:8      | Reached XP level 10. HP: 65/70 MP: 19/22
  9253 | D:8      | Reached *** piety under Vehumet
  9358 | D:8      | Noticed Jeremiah
  9496 | D:8      | Killed Jeremiah
  9496 | D:8      | Offered knowledge of Hailstorm by Vehumet.
  9550 | D:8      | You fall into a shaft and drop 1 floor!
 10575 | D:9      | Reached **** piety under Vehumet
 10713 | D:8      | Offered knowledge of Inner Flame by Vehumet.
 10935 | D:9      | Noticed a centaur warrior
 10941 | D:9      | Killed a centaur warrior
 11233 | D:10     | Entered Level 10 of the Dungeon
 11234 | D:10     | Noticed a gargoyle
 11423 | D:10     | Found a shadowy altar of Dithmenos.
 11430 | D:10     | Noticed Grum
 11602 | D:10     | Noticed Psyche
 11620 | D:10     | Killed Psyche
 11654 | D:10     | Identified the +2 rapier of Batwiemi {heavy, Dex+3}
 11732 | D:10     | Killed Grum
 11837 | D:10     | Learned a level 1 spell: Necrotise
 11941 | D:10     | Found a bloodstained altar of Trog.
 12027 | D:11     | Noticed a boulder beetle
 12042 | D:11     | Noticed an elephant
 12046 | D:11     | Killed a boulder beetle
 12047 | D:11     | Reached XP level 11. HP: 78/78 MP: 21/24
 12201 | D:11     | Noticed Lodul
 12363 | D:11     | Reached skill level 1 in Necromancy
 12366 | D:11     | Reached skill level 10 in Spellcasting
 12513 | D:11     | Reached skill level 1 in Short Blades
 12513 | D:11     | Noticed a green ugly thing
 12991 | D:11     | Noticed Sonja
 13233 | D:11     | Reached ***** piety under Vehumet
 13233 | D:11     | Offered knowledge of Fulminant Prism by Vehumet.
 13375 | D:11     | Killed Lodul
 13376 | D:11     | Reached skill level 5 in Fighting
 13558 | D:11     | Killed Sonja
 13581 | D:11     | Noticed a boulder beetle
 13586 | D:11     | Found a staircase to the Lair.
 13679 | D:11     | Killed a boulder beetle
 13760 | D:11     | Noticed a six-headed hydra
 13919 | D:11     | Identified the +7 mace "Ridaoqos" {freeze, +Blink rF- Str-3
                  | Int+9}
 13919 | D:11     | Identified the +6 plate armour of Oblivion {Str+3}
 14076 | D:11     | Killed a green ugly thing
 14367 | D:11     | Killed a six-headed hydra
 14368 | D:11     | Reached skill level 5 in Armour
 14478 | D:11     | Found a staircase to the Orcish Mines.
 14624 | D:11     | Reached XP level 12. HP: 86/86 MP: 17/26
 15100 | D:12     | Reached skill level 5 in Shields
 15124 | D:12     | Noticed a boulder beetle
 15211 | D:12     | Noticed a two-headed ogre
 15228 | D:12     | Killed a two-headed ogre
 15267 | D:12     | Found a gate leading to a gauntlet.
 15290 | Gauntlet | Entered a Gauntlet
 15290 | Gauntlet | Found a transporter.
 15299 | Gauntlet | Found a transporter.
 15302 | Gauntlet | Found a transporter.
 15303 | Gauntlet | Found a transporter.
 15314 | Gauntlet | Found a transporter.
 15314 | Gauntlet | Found a transporter.
 15315 | Gauntlet | Found a transporter.
 15323 | Gauntlet | Found a transporter.
 15326 | Gauntlet | Found a transporter.
 15327 | Gauntlet | Found a transporter.
 15329 | Gauntlet | Noticed a death scarab
 15333 | Gauntlet | Found a runed translucent gate.
 15333 | Gauntlet | Found a runed translucent gate.
 15333 | Gauntlet | Found a runed translucent gate.
 15334 | Gauntlet | Noticed a death scarab
 15335 | Gauntlet | Found a transporter.
 15338 | Gauntlet | Found a transporter.
 15339 | Gauntlet | Found a transporter.
 15347 | Gauntlet | Found a transporter.
 15347 | Gauntlet | Noticed a quicksilver ooze
 15430 | Gauntlet | Learned a level 4 spell: Fulminant Prism
 15725 | Gauntlet | Learned a level 3 spell: Mephitic Cloud
 15732 | Gauntlet | Noticed a minotaur
 15735 | Gauntlet | Killed a minotaur
 15763 | Gauntlet | Found the -2 hat of the Alchemist {rElec rPois rF+ rC+ rN+
                  | Will+ rMut rCorr}
 15767 | Gauntlet | Identified the amulet "Dit Jila" {RegenMP Str+4 SInv}
 15954 | D:12     | Killed a boulder beetle
 16004 | D:12     | Noticed a boulder beetle
 16018 | D:12     | Killed a boulder beetle
 16174 | D:12     | Reached skill level 1 in Air Magic
 16286 | D:12     | Reached skill level 1 in Poison Magic
 16358 | D:12     | Offered knowledge of Arcjolt by Vehumet.
 16365 | D:12     | Learned a level 5 spell: Arcjolt
 16578 | D:13     | Reached skill level 1 in Hexes
 16703 | D:13     | Found a gate to the Vaults.
 16703 | D:13     | Noticed a boulder beetle
 16703 | D:13     | Noticed a centaur warrior
 16703 | D:13     | Noticed a vault guard
 16703 | D:13     | Noticed a vault guard
 16703 | D:13     | Noticed a vault guard
 16703 | D:13     | Noticed a vault guard
 16703 | D:13     | Noticed a centaur warrior
 16703 | D:13     | Noticed a centaur warrior
 16743 | D:13     | Killed a centaur warrior
 16832 | D:14     | Identified the "Jagahug"
 16832 | D:14     | Identified the of Figel
 16832 | D:14     | Identified the of Hingaut
 16832 | Lair:1   | Entered Level 1 of the Lair of Beasts
 17369 | Lair:1   | Noticed Harold
 17736 | Lair:1   | Gained mutation: You are strongly in touch with the powers
                  | of death. [Mummy growth]
 17736 | Lair:1   | Reached XP level 13. HP: 95/95 MP: 26/29
 18259 | Lair:2   | Reached skill level 1 in Staves
 19321 | Lair:2   | Found a hole to the Spider Nest.
 19622 | Lair:3   | Noticed Snorg
 19627 | Lair:3   | Killed Snorg
 19796 | Lair:3   | Offered knowledge of Iskenderun's Battlesphere by Vehumet.
 19803 | Lair:3   | Learned a level 5 spell: Iskenderun's Battlesphere
 19847 | Lair:3   | Found a staircase to the Swamp.
 20195 | Lair:3   | Noticed Josephine
 20201 | Lair:3   | Killed Josephine
 21040 | Lair:4   | Reached XP level 14. HP: 103/103 MP: 31/31
 21119 | Lair:4   | Reached skill level 5 in Dodging
 21212 | Lair:4   | Found a staircase to the Slime Pits.
 21397 | Lair:4   | Reached ****** piety under Vehumet
 21666 | Lair:4   | Offered knowledge of Eringya's Noxious Bog by Vehumet.
 22085 | Lair:5   | Identified the "Feidem"
 22085 | Lair:5   | Entered Level 5 of the Lair of Beasts
 22296 | Lair:5   | Reached skill level 10 in Earth Magic
 22538 | Lair:5   | Found a dark tunnel.
 22546 | Volcano  | Entered a volcano
 22731 | Volcano  | Found a radiant altar of Vehumet.
 22866 | Volcano  | Identified the +3 leather armour of the Ecumenical Temple
                  | {rF+ rCorr Str+3 Dex+5}
 23247 | Lair:5   | Reached skill level 10 in Conjurations
 23322 | Lair:5   | Found a runed translucent gate.
 23322 | Lair:5   | Found a runed translucent gate.
 23323 | Lair:5   | Found a runed translucent gate.
 23349 | Lair:5   | Noticed Begoar's ghost (journeyman HuMo)
 23350 | Lair:5   | Noticed ShellytheWitch's ghost (journeyman KoBr)
 23350 | Lair:5   | Noticed Tollund's ghost (journeyman DjCj)
 23777 | Lair:5   | Offered knowledge of Bombard by Vehumet.
 23788 | Lair:5   | Learned a level 6 spell: Bombard
 23828 | Lair:5   | Found a large runed translucent door.
 23828 | Lair:5   | Found a large runed translucent door.
 24337 | Lair:5   | Reached XP level 15. HP: 91/113 MP: 28/33
 24678 | Orc:1    | Entered Level 1 of the Orcish Mines
 24809 | Orc:1    | Found Titixt's Distillery.
 24893 | Orc:1    | Found a shimmering altar of Xom.
 25143 | Orc:2    | Entered Level 2 of the Orcish Mines
 25484 | Orc:2    | Offered knowledge of Orb of Destruction by Vehumet.
 25495 | Orc:1    | Learned a level 7 spell: Orb of Destruction
 25704 | Orc:2    | Found Uluhoar's Antique Armour Emporium.
 25733 | Orc:2    | Bought a heavily runed leather armour for 189 gold pieces
 25733 | Orc:2    | Identified the +1 leather armour of Nudoxkua {Int+2} (You
                  | bought it in a shop on level 2 of the Orcish Mines)
 25903 | Orc:2    | Found Fuerok's Jewellery Emporium.
 25955 | Orc:2    | Found a staircase to the Elven Halls.
 26127 | Orc:2    | Noticed Rupert
 26129 | Orc:2    | Noticed Urug
 26152 | Orc:2    | Killed Urug
 26165 | Orc:2    | Killed Rupert
 26260 | Orc:2    | Found Giwnext's Antique Weapon Shop.
 26265 | Orc:2    | Reached skill level 15 in Spellcasting
 26281 | Orc:2    | Found Wuine's General Store.
 26288 | Orc:2    | Reached skill level 5 in Air Magic
 26405 | Orc:1    | Offered knowledge of Ignition by Vehumet.
 26966 | D:13     | Reached skill level 10 in Fighting
 28655 | D:14     | Reached XP level 16. HP: 99/122 MP: 25/35
 28759 | D:14     | Noticed Frances
 28767 | D:14     | Killed Frances
 28880 | D:15     | Entered Level 15 of the Dungeon
 29590 | D:15     | Found a staircase to the Depths.
 29736 | D:15     | Found an ornate altar of the Wu Jian Council.
 30366 | Spider:1 | Entered Level 1 of the Spider Nest
 30955 | Spider:1 | Offered knowledge of Fire Storm by Vehumet.
 30955 | Spider:1 | Offered knowledge of Shatter by Vehumet.
 30955 | Spider:1 | Offered knowledge of Chain Lightning by Vehumet.
 33483 | Spider:3 | Identified the serpent talisman of Ennui {rC+ rN+ Will++
                  | Str-4}
 33483 | Spider:3 | Noticed Aizul
 33492 | Spider:3 | Killed Aizul
 33759 | Spider:3 | Reached XP level 17. HP: 128/128 MP: 32/38
 35276 | D:2      | Bought a pair of glowing boots for 157 gold pieces
 35640 | Spider:4 | Entered Level 4 of the Spider Nest
 35679 | Spider:4 | Learned a level 5 spell: Lee's Rapid Deconstruction
 37385 | Spider:4 | Identified the +0 hat of the Sacrificial Victim {Harm
                  | Regen+ Int-4 Dex+5 SInv}
 37387 | Spider:4 | Got a gossamer rune of Zot
 37617 | Lair:1   | Killed Harold
 37748 | Lair:5   | Killed ShellytheWitch's ghost
 37751 | Lair:5   | Killed Tollund's ghost
 37761 | Lair:5   | Killed Begoar's ghost
 37825 | Lair:5   | Identified the staff "Pebedeav" {rElec rF+ Str+4 Int-2 SInv
                  | Fire}
 38050 | Depths:3 | Identified the "Qehai"
 38050 | Elf:1    | Entered Level 1 of the Elven Halls
 38117 | Elf:1    | Reached skill level 1 in Throwing
 38457 | Elf:1    | Noticed Agnes
 38609 | Elf:1    | Killed Agnes
 38610 | Elf:1    | Reached XP level 18. HP: 126/138 MP: 11/40
 38738 | Elf:1    | Noticed Roxanne
 38744 | Elf:1    | Killed Roxanne
 39523 | Elf:1    | Found the +8 pair of quick blades "Gyre" and "Gimble"
                  | {protect}
 39734 | Elf:1    | Found a portal to a secret trove of treasure.
 39742 | Elf:1    | Identified a scroll of acquirement
 39745 | Elf:1    | Acquired the staff of Ascent {rC+ rN+ Dex+3 Stlth+ Earth}
 40015 | Elf:2    | Found a huge runed translucent gate.
 40015 | Elf:2    | Found a huge runed translucent gate.
 40015 | Elf:2    | Found a huge runed translucent gate.
 40015 | Elf:2    | Found a huge runed translucent gate.
 40018 | Elf:2    | Found a huge runed translucent gate.
 40199 | Elf:2    | Found Heynifem's Tiny Tomes.
 40768 | Elf:2    | Found Ybytioq's Armour Emporium.
 41856 | Elf:3    | Identified the "Guta Tiu"
 41856 | Elf:3    | Entered Level 3 of the Elven Halls
 41889 | Elf:3    | Reached skill level 10 in Armour
 42106 | Elf:3    | Reached XP level 19. HP: 143/143 MP: 35/42
 42111 | Elf:3    | Reached skill level 5 in Necromancy
 42300 | Elf:3    | Noticed Zenata
 42310 | Elf:3    | Killed Zenata
 43155 | Elf:3    | Noticed Bai Suzhen
 43202 | Elf:3    | Killed Bai Suzhen
 43496 | Elf:3    | Identified the staff "Mehosuc" {Drain rElec Str+9 Conj}
 43520 | Elf:3    | Identified the staff "Paallohe" {Will+ Str-3 Dex+8 Earth}
 43523 | Elf:3    | Identified the +4 sling of Light {drain, rF- Str+5 Int+2}
 43692 | Elf:3    | Identified the staff "Tyighoda" {rC+ Int+3 Earth}
 43696 | Elf:3    | Identified the +4 sling of Isitoat {freeze, Contam rF+++
                  | rN+++ MP-9}
 43802 | Elf:3    | Identified the staff "Wouvveoleph" {Fragile +Blink rC+ MP+9
                  | Int+2 Ice}
 44141 | Vaults:1 | Entered Level 1 of the Vaults
 45679 | Vaults:1 | Found Feurphoeth's Armour Shoppe.
 45908 | Vaults:1 | Found Kuttecore's Weapon Emporium.
 46017 | Vaults:1 | Identified the +0 scale mail of Elitism {rPois}
 46115 | Vaults:2 | Found Nezxurr's Weapon Boutique.
 46139 | Vaults:2 | Noticed Margery
 46161 | Vaults:2 | Killed Margery
 46252 | Vaults:2 | Reached XP level 20. HP: 153/153 MP: 33/43
 46790 | Vaults:2 | Noticed Boris
 46797 | Vaults:2 | Killed Boris
 48188 | Vaults:2 | Noticed Nikola
 48192 | Vaults:2 | Killed Nikola
 48430 | Vaults:2 | Reached skill level 10 in Dodging
 48643 | Vaults:2 | Reached skill level 15 in Earth Magic
 48654 | Vaults:2 | You are sucked into a shaft and drop 1 floor!
 50158 | Vaults:3 | Found a staircase to the Crypt.
 50335 | Vaults:3 | Reached skill level 15 in Conjurations
 52170 | Vaults:4 | Found Riaxtie's Distillery.
 52504 | Vaults:4 | Reached XP level 21. HP: 137/161 MP: 40/46
 53194 | Vaults:4 | Acquired 714 gold pieces
 54037 | Zot:2    | Identified the "Denaomm"
 54037 | Zot:2    | Identified the "Xuvew"
 54037 | Zot:3    | Identified the of Log Tunoe
 54037 | Slime:1  | Entered Level 1 of the Pits of Slime
 57222 | Slime:5  | Identified the of Joonec
 57222 | Slime:5  | Entered Level 5 of the Pits of Slime
 57681 | Slime:5  | Noticed the Royal Jelly
 57777 | Slime:5  | Found a viscous altar of Jiyva.
 57779 | Slime:5  | Found the +3 robe of Clouds {*Thunder rCloud rElec}
 58228 | Slime:5  | Killed the Royal Jelly
 58716 | Slime:5  | Identified the +4 lajatang of Reapportionment {heavy, *Rage
                  | +Blink Str+4}
 58777 | Slime:5  | Got a slimy rune of Zot
 58822 | Slime:5  | Identified the +5 ring mail of Kosoiplobe {Regen+ Dex+6}
 59256 | Crypt:1  | Entered Level 1 of the Crypt
 59328 | Crypt:1  | Identified the +7 flail "Xarghifu" {holy, rPois rC- Str+5}
 59354 | Crypt:1  | Reached XP level 22. HP: 169/169 MP: 48/48
 59449 | Crypt:1  | Identified the +2 scale mail "Myc Ewo" {MP+9}
 59694 | Crypt:1  | Noticed Donald
 59704 | Crypt:1  | Killed Donald
 60412 | D:2      | Bought a twisted scale mail for 189 gold pieces
 60412 | D:2      | Identified the +5 scale mail of Fun and Games {rElec} (You
                  | bought it in a shop on level 2 of the Dungeon)
 60490 | D:6      | Bought a manual of Staves for 1120 gold pieces
 60490 | D:6      | Bought a manual of Shields for 1120 gold pieces
 60981 | Crypt:1  | Found the +7 mace of Variability {chaos, chaos arc}
 62432 | Crypt:3  | Entered Level 3 of the Crypt
 62840 | Crypt:3  | Noticed an ancient lich
 63209 | Crypt:3  | Found a huge runed gate.
 63209 | Crypt:3  | Found a huge runed gate.
 63209 | Crypt:3  | Found a huge runed gate.
 63209 | Crypt:3  | Found a huge runed gate.
 63209 | Crypt:3  | Found a huge runed gate.
 63209 | Crypt:3  | Found a huge runed gate.
 63209 | Crypt:3  | Found a huge runed gate.
 63209 | Crypt:3  | Found a huge runed gate.
 63209 | Crypt:3  | Found a huge runed gate.
 63209 | Crypt:3  | Found a huge runed gate.
 63248 | Crypt:3  | Killed an ancient lich
 63356 | Crypt:3  | Reached skill level 5 in Staves
 63504 | Crypt:3  | Identified the +8 spear of Viuh {pain, Will- Str+3 SInv}
 64250 | Crypt:3  | Found a staircase to the Tomb.
 64500 | Crypt:3  | Found a huge runed gate.
 64500 | Crypt:3  | Found a huge runed gate.
 64500 | Crypt:3  | Found a huge runed gate.
 64500 | Crypt:3  | Found a huge runed gate.
 64500 | Crypt:3  | Found a huge runed gate.
 64500 | Crypt:3  | Found a huge runed gate.
 64500 | Crypt:3  | Found a huge runed gate.
 64500 | Crypt:3  | Found a huge runed gate.
 64511 | Crypt:3  | Found a huge runed gate.
 64529 | Crypt:3  | Found a huge runed gate.
 64529 | Crypt:3  | Found a huge runed gate.
 64529 | Crypt:3  | Found a huge runed gate.
 64529 | Crypt:3  | Found a huge runed gate.
 64529 | Crypt:3  | Found a huge runed gate.
 64529 | Crypt:3  | Found a huge runed gate.
 64530 | Crypt:3  | Found a huge runed gate.
 64531 | Crypt:3  | Found a huge runed gate.
 64532 | Crypt:3  | Found a huge runed gate.
 64541 | Crypt:3  | Found a huge runed gate.
 64541 | Crypt:3  | Found a huge runed gate.
 64541 | Crypt:3  | Found a huge runed gate.
 64541 | Crypt:3  | Found a huge runed gate.
 64541 | Crypt:3  | Found a huge runed gate.
 64541 | Crypt:3  | Found a huge runed gate.
 64542 | Crypt:3  | Found a huge runed gate.
 64543 | Crypt:3  | Found a huge runed gate.
 65682 | Swamp:1  | Entered Level 1 of the Swamp
 65811 | Swamp:1  | Noticed Louise
 65825 | Swamp:1  | Killed Louise
 66177 | Swamp:1  | Reached XP level 23. HP: 177/177 MP: 50/50
 67439 | Swamp:3  | Noticed Mlioglotl
 67445 | Swamp:3  | Killed Mlioglotl
 67698 | Swamp:4  | Entered Level 4 of the Swamp
 68918 | Swamp:4  | Reached skill level 10 in Shields
 69171 | Swamp:4  | Got a decaying rune of Zot
 69439 | Depths:1 | Entered Level 1 of the Depths
 69447 | Depths:1 | Found a bloodstained altar of Trog.
 69451 | Depths:1 | Found Joqiel Mevi's Firing Range.
 69455 | Depths:1 | Identified the +10 rapier "Puatuame" {antimagic, rC+}
 70089 | Depths:1 | Identified the +9 hand axe "Ultimatum" {vamp, rF+}
 70619 | Depths:1 | Found a gateway to Hell.
 70909 | Depths:2 | Identified the +8 orcbow of Naroegg {heavy, rC++ Dex+4}
 71054 | Depths:2 | Found a one-way gate leading to the halls of Pandemonium.
 71058 | Depths:2 | Found a one-way gate to the infinite horrors of the Abyss.
 71080 | Depths:2 | Identified the +11 hand axe "Omingen" {elec, rN+}
 71302 | Depths:2 | Identified the +10 morningstar "Febran" {antimagic, rPois
                  | rF+ rC- rN+}
 72120 | Depths:2 | Reached skill level 15 in Fighting
 72270 | Depths:2 | Found a stormy altar of Qazlal.
 72777 | Depths:3 | Reached XP level 24. HP: 188/188 MP: 47/51
 73355 | Depths:3 | Found Kuycsusi's Book Boutique.
 73355 | Depths:3 | Found Rien's Jewellery Emporium.
 73356 | Depths:3 | Found Gejaigai's Book Boutique.
 73369 | Depths:3 | Bought a manual of Stealth for 1200 gold pieces
 73562 | Depths:3 | Found a one-way gateway to a ziggurat.
 73626 | Depths:3 | Noticed Mennas
 73980 | Depths:4 | Entered Level 4 of the Depths
 74121 | Depths:4 | Found a gate to the Realm of Zot.
 74378 | Depths:4 | Reached skill level 5 in Stealth
 75719 | Crypt:3  | Identified the ring of Qelaz {Fire rN++ Str+3}
 75790 | Tomb:1   | Entered Level 1 of the Tomb of the Ancients
 76544 | Tomb:1   | Noticed a royal mummy
 76549 | Tomb:1   | Killed a royal mummy
 76906 | Tomb:1   | Identified the +9 sling of the Aged Spirits {freeze, rCorr}
 76979 | Tomb:1   | Learned a level 9 spell: Shatter
 76984 | Tomb:1   | Learned a level 4 spell: Iskenderun's Mystic Blast
 77205 | Vaults:5 | Entered Level 5 of the Vaults
 77891 | Vaults:5 | Noticed a dread lich
 77892 | Vaults:5 | Reached XP level 25. HP: 177/194 MP: 40/52
 77972 | Vaults:5 | Killed a dread lich
 78358 | Vaults:5 | Noticed an ancient lich
 78362 | Vaults:5 | Killed an ancient lich
 78659 | Vaults:5 | Noticed Frederick
 78778 | Vaults:4 | Killed Frederick
 78884 | Vaults:5 | Identified the +3 ring mail of Vexation {rC- Regen+ Str+9
                  | Int-4}
 78903 | Vaults:5 | Identified the staff "Taqimamn" {rElec Int+3 Air}
 79107 | Vaults:5 | Identified the staff of Midsummer {rC- Str+7 Int+4 Conj}
 79245 | Vaults:5 | Identified the +2 robe "Lyoxt" {Will+ Str-3 Int+3}
 79315 | Vaults:5 | Identified the +1 helmet "Saetaj" {rElec rC+ Str+3 Int+3}
 79393 | Vaults:5 | Got a silver rune of Zot
 80091 | Zot:1    | Entered Level 1 of the Realm of Zot
 80100 | Zot:1    | You are sucked into a shaft and drop 1 floor!
 81205 | Zot:1    | Reached skill level 27 in Spellcasting
 82841 | Zot:2    | Learned a level 4 spell: Petrify
 83038 | Zot:2    | Reached XP level 26. HP: 201/201 MP: 31/54
 87770 | Zot:4    | Found a hazy altar of Hepliaklqana.
 87790 | Zot:4    | Noticed Parghit
 88098 | Zot:4    | Killed Parghit
 88260 | Zot:4    | Found a basalt altar of Yredelemnul.
 88664 | Zot:5    | Entered Level 5 of the Realm of Zot
 89080 | Elf:1    | You paid a toll of 7 scrolls of fear to enter a treasure
                  | trove
 89081 | Trove    | Entered a treasure trove
 89088 | Trove    | Identified the +6 double sword "Mutenal" {heavy, MP+9}
 89094 | Trove    | Identified the amulet "Gauz" {Will+ Regen+ SInv}
 89097 | Trove    | Identified the ring "Afyrirgh" {*Corrode rPois rC+ Int+4}
 89108 | Trove    | Identified the amulet of the Usurping Jester {RegenMP rElec
                  | rF- Str+3 Slay-2}
 89110 | Trove    | Identified the ring "Jeideb" {rElec rF++ MP+9 Str+2}
 90794 | Zot:5    | Noticed a dread lich
 90806 | Zot:5    | Killed a dread lich
 90829 | Zot:5    | Noticed a dread lich
 90843 | Zot:5    | Killed a dread lich
 90844 | Zot:5    | Reached XP level 27. HP: 207/207 MP: 52/54
 91061 | Zot:5    | Noticed an ancient lich
 91063 | Zot:5    | Killed an ancient lich
 91063 | Zot:5    | Noticed an orb of fire
 91077 | Zot:5    | Noticed an orb of fire
 91084 | Zot:5    | Noticed an orb of fire
 91250 | Zot:5    | Noticed an orb of fire
 91254 | Zot:5    | Noticed an orb of fire
 91256 | Zot:5    | Killed an orb of fire
 91259 | Zot:5    | Noticed an orb of fire
 91550 | Zot:5    | Noticed an orb of fire
 91564 | Zot:4    | Killed an orb of fire
 91865 | Zot:4    | Killed an orb of fire
 91917 | Zot:5    | Noticed an orb of fire
 91929 | Zot:4    | Killed an orb of fire
 92093 | Zot:5    | Killed an orb of fire
 92194 | Zot:5    | Noticed an orb of fire
 92203 | Zot:5    | Killed an orb of fire
 92263 | Zot:5    | Noticed an orb of fire
 92269 | Zot:5    | Killed an orb of fire
 92608 | Zot:5    | Noticed an orb of fire
 92608 | Zot:5    | Noticed a dread lich
 92629 | Zot:4    | Killed a dread lich
 92827 | Zot:5    | Killed an orb of fire
 92885 | Zot:5    | Killed an orb of fire
 92894 | Zot:5    | Killed an orb of fire
 92994 | Zot:5    | Noticed an orb of fire
 93003 | Zot:5    | Killed an orb of fire
 93004 | Zot:5    | Reached skill level 27 in Earth Magic
 93162 | Zot:5    | Noticed an orb of fire
 93172 | Zot:5    | Killed an orb of fire
 93219 | Zot:5    | Noticed an orb of fire
 93227 | Zot:5    | Killed an orb of fire
 93868 | Zot:5    | Killed an orb of fire
 94533 | Tomb:2   | Noticed a royal mummy
 94543 | Tomb:2   | Noticed a royal mummy
 94714 | Tomb:2   | Noticed a royal mummy
 94717 | Tomb:2   | Killed a royal mummy
 94718 | Tomb:2   | Killed a royal mummy
 94719 | Tomb:2   | Noticed a royal mummy
 94722 | Tomb:2   | Killed a royal mummy
 95001 | Tomb:2   | Killed a royal mummy
 95813 | Tomb:3   | Entered Level 3 of the Tomb of the Ancients
 95833 | Tomb:3   | Noticed a royal mummy
 95833 | Tomb:3   | Noticed a royal mummy
 95836 | Tomb:3   | Killed a royal mummy
 95836 | Tomb:3   | Killed a royal mummy
 95837 | Tomb:3   | Noticed a royal mummy
 95838 | Tomb:3   | Noticed a royal mummy
 95841 | Tomb:3   | Killed a royal mummy
 95841 | Tomb:3   | Killed a royal mummy
 95842 | Tomb:3   | Reached skill level 5 in Evocations
 96267 | Tomb:3   | Noticed a royal mummy
 96271 | Tomb:3   | Killed a royal mummy
 96362 | Tomb:3   | Noticed a royal mummy
 96365 | Tomb:3   | Noticed a royal mummy
 96366 | Tomb:3   | Killed a royal mummy
 96367 | Tomb:3   | Noticed a royal mummy
 96369 | Tomb:3   | Noticed a royal mummy
 96372 | Tomb:3   | Killed a royal mummy
 96373 | Tomb:3   | Killed a royal mummy
 96375 | Tomb:3   | Killed a royal mummy
 96568 | Tomb:3   | Identified the ring "Laczut" {Fire rN+ Dex+3 Slay+3 Stlth+}
 96571 | Tomb:3   | Identified the +5 orcbow of the Assorted Friends {freeze,
                  | rElec Will+ Stlth+}
 96580 | Tomb:3   | Identified the ring "Yptum" {rPois Str-5 Dex+6 Slay+2}
 96586 | Tomb:3   | Identified the staff "Miesur" {rElec rN+ Necro}
 96587 | Tomb:3   | Identified the +3 chain mail "Piuthyil" {rF+ Str-4 Int-4
                  | Dex+6}
 96603 | Tomb:3   | Identified the +2 plate armour of Zin's Condemnation
                  | {Int+3}
 96637 | Tomb:3   | Identified the +6 quarterstaff "Dragonbane" {speed, rElec
                  | Will+ Str+3 Dex+4}
 96679 | Tomb:3   | Identified the +9 spear "Imeug" {heavy, Fly}
 96700 | Tomb:3   | Identified the +4 battleaxe "Ziusch" {holy, rC+ Will- Int+6
                  | Dex+2}
 96885 | Tomb:3   | Got a golden rune of Zot
 97602 | Depths:2 | Voluntarily entered the Abyss.
 97651 | Abyss:2  | Found a corrupted altar of Lugonu.
 97918 | Abyss:3  | Reached skill level 1 in Long Blades
 97978 | Abyss:3  | Paralysed by accursed screaming for 1 turns
 97982 | Abyss:3  | Paralysed by accursed screaming for 1 turns
 98036 | Abyss:3  | Found a corrupted altar of Lugonu.
 98066 | Abyss:3  | Found a corrupted altar of Lugonu.
 98088 | Abyss:3  | Got an abyssal rune of Zot
 98097 | Depths:2 | Escaped the Abyss
 98197 | Hell     | Entered the Vestibule of Hell
 98198 | Hell     | Noticed Geryon
 98296 | Hell     | Killed Geryon
 98679 | Hell     | Found a gateway to the freezing wastes of Cocytus.
 98935 | Hell     | Found a gateway to the Iron City of Dis.
 98983 | Hell     | Reached skill level 1 in Fire Magic
 99114 | Hell     | Found a gateway to the ashen valley of Gehenna.
 99230 | Hell     | Found a gateway to the decaying netherworld of Tartarus.
 99326 | Tar:7    | Identified the "Saluqih"
 99326 | Tar:7    | Identified the "Beciacw"
 99326 | Tar:7    | Identified the "Venusuoz"
 99326 | Tar:7    | Identified the of Texzem
 99326 | Coc:1    | Entered Level 1 of Cocytus
 99688 | Coc:2    | Reached skill level 5 in Long Blades
101469 | Coc:7    | Identified the "Nuzyrgh"
101469 | Dis:7    | Identified the "Numesoaga"
101469 | Dis:7    | Identified the of Sesa
101469 | Geh:1    | Entered Level 1 of Gehenna
101676 | Geh:1    | You are sucked into a shaft and drop 1 floor!
102233 | Geh:3    | Reached skill level 15 in Armour
102987 | Geh:5    | Noticed a juggernaut
103206 | Geh:5    | Killed a juggernaut
103275 | Geh:5    | Noticed a juggernaut
103290 | Geh:5    | Killed a juggernaut
103567 | Geh:5    | Noticed a juggernaut
103586 | Geh:5    | Killed a juggernaut
103682 | Geh:5    | Noticed a juggernaut
103716 | Geh:5    | Killed a juggernaut
104006 | Geh:6    | Noticed a dread lich
104011 | Geh:6    | Killed a dread lich
104368 | Geh:7    | Entered Level 7 of Gehenna
105349 | Geh:7    | Identified the staff of Fate {rN+ Int+2 Dex+5 Stlth- Conj
                  | Necro}
105391 | Geh:7    | Learned a level 8 spell: Lehudib's Crystal Spear
105520 | Geh:7    | Identified the ring of Sukaogri {*Corrode rPois rN+ Str+3
                  | Int+6}
105649 | Geh:7    | Found the +13 sceptre of Asmodeus
105649 | Geh:7    | Noticed Asmodeus
106536 | Geh:7    | Identified the +2 robe of Plasticity {-Tele Will+ Archmagi}
107178 | Geh:7    | Killed Asmodeus
107431 | Geh:7    | Got an obsidian rune of Zot
107660 | Dis:1    | Entered Level 1 of the Iron City of Dis
108104 | Dis:1    | Reached skill level 10 in Evocations
111167 | Dis:6    | HP: 9/196 [caustic shrike (16)]
111170 | Hell     | Demolished by a caustic shrike

Illustrated notes

Levels and vault maps discovered:
D:1:      beargit_arrival_greenhouse, layout_loops_corners
D:2:      layout_basic, shapermc_ecumenical_altar_rom_forum, serial_shops, shop
D:3:      layout_loops_corners, marbit_many_paths, tgw_kikubaaqudgha,
          mainiacjoe_overflow_paths
D:4:      layout_rooms, mainiacjoe_overflow_tiny_flanked, amcnicky_altar_gilded,
          kennysheep_generic_room_14, uniq_edmund, uniq_sigmund
D:5:      layout_rooms, mainiacjoe_overflow_alcove_1,
          minmay_temple_entry_proselytizer, serial_shops, shop
D:6:      layout_loops_ring, nicolae_shop_self_help, uniq_duvessa
D:7:      minmay_skewed_foursquare, layout_basic,
          mainiacjoe_overflow_six_doors_small, serial_aquarium,
          aquarium_bridge_square [aquarium_subvault_bridge,
          aquarium_subvault_bridge, aquarium_subvault_window,
          aquarium_subvault_bridge], aquarium_window_2, aquarium_window_3,
          aquarium_view_2c, aquarium_pool_corner, chequers_serial_rivers_room_b
D:8:      kennysheep_kobold_camp, layout_basic, roderic_roman_lattice,
          uniq_jeremiah
D:9:      layout_basic
D:10:     layout_cross, kennysheep_little_box, zin_treasury,
          grunt_dithmenos_smoke_and_mirrors, uniq_psyche, uniq_grum
D:11:     layout_basic, grunt_lair_entry_orc_guard_hut, hiddenorc2_lemuel,
          minmay_pinched_square, uniq_sonja, uniq_lodul
D:12:     layout_grid_maze, gauntlet_entry_generic
D:13:     layout_layer_cave, lightli_vaults_fourway_checkpoint,
          hangedman_glass_teeth
D:14:     layout_irregular_city, minivault_4, kennysheep_generic_room_13,
          uniq_frances
D:15:     gammafunk_depths_entry_grave, layout_loops_ring,
          nzn_wu_jian_council_hall
Lair:1:   layout_small_grid, uniq_harold
Lair:2:   layout_cave_pods, spider_nest_entry_funnel_web,
          infiniplex_staircase_pool_2, grunt_megastairs_5
Lair:3:   layout_regular_city, minmay_swamp_entry_worms, serial_bayou_lagoon_b,
          uniq_josephine, uniq_snorg
Lair:4:   layout_cave_pods, minmay_slime_entry_eyes,
          cheibrodos_lair_reptile_den, wad_woods_river_01, grunt_megastairs_1
Lair:5:   cheibrodos_lair_end_hotspot, layout_regular_city, enter_volcano_2,
          gammafunk_ghost_cemetery
Swamp:1:  layout_basic_swamp, serial_swamp_ruin, evilmike_swamp_ruin_house_1,
          evilmike_swamp_ruin_house_4, swamp_pool_5, cheibrodos_swamp_witchery,
          uniq_louise
Swamp:2:  layout_basic_swamp, evilmike_swamp_ruin_house_3,
          nicolae_swamp_dragon_and_kin
Swamp:3:  layout_falls_marsh, evilmike_swamp_ruin_rubble_1, uniq_mlioglotl
Swamp:4:  swamp_vile, layout_basic_swamp, nicolae_swamp_dense_foliage,
          uniq_kirke
Spider:1: layout_chambers
Spider:2: layout_chambers, nicolae_spider_stair_cavern
Spider:3: nicolae_spider_jumping_over_cracks [nicolae_spider_jumping_sub_notch,
          nicolae_spider_jumping_sub_lanes, nicolae_spider_jumping_sub_pools,
          nicolae_spider_jumping_sub_shuffled], hive_lemuel, uniq_aizul
Spider:4: grunt_spider_rune_parallel
Slime:1:  layout_caves
Slime:2:  cheibrodos_slime_lost_civilization_1, layout_caves,
          cheibrodos_slime_lost_civilization_5
Slime:3:  layout_caves
Slime:4:  layout_caves, nicolae_slime_phagocytosis
Slime:5:  slime_pit
Orc:1:    layout_caves, serial_shops, nicolae_shop_trees, basic_altar
Orc:2:    grunt_orc_gardens, layout_caves, grunt_orc_garden, grunt_orc_garden,
          grunt_orc_garden, grunt_orc_garden, uniq_urug, uniq_rupert
Elf:1:    layout_rooms, enter_trove_5, minivault_28,
          hellmonk_guarded_unrand_gyre_and_gimble, uniq_agnes, uniq_roxanne
Elf:2:    elven_hall_of_blades_hangedman_alternative
          [nicolae_blade_entry_floor_patterns], layout_gridlike, serial_shops,
          nicolae_shop_behind_doors, nicolae_shop_i_like_small_books_too,
          drop_trap, st_stairs_13
Elf:3:    grunt_elf_hall_branching, layout_geoelf_castle, minivault_28,
          uniq_bai_suzhen, uniq_zenata
Vaults:1: hangedman_vaults_stream, nicolae_vaults_network_quincunx
          [nicolae_vaults_network_quincunx_subvault,
          nicolae_vaults_network_quincunx_subvault,
          nicolae_vaults_network_quincunx_subvault,
          nicolae_vaults_network_quincunx_subvault,
          nicolae_vaults_network_quincunx_subvault], grunt_vaults_funnel,
          hangedman_vaults_unwind, ontoclasm_vaults_gallery, grunt_vaults_swirl,
          nicolae_vaults_taking_the_gang_shopping,
          nicolae_vaults_offset_grid_hallway_4, ontoclasm_vaults_bender,
          nicolae_vaults_two_Ls, ontoclasm_vaults_ring_small,
          nicolae_vaults_tetromino_T_1, nicolae_vaults_trapezoid_4,
          layout_vaults_omnibox, serial_shops, shop
Vaults:2: hangedman_vaults_river_flow, nicolae_vaults_specimen_jars,
          nicolae_vaults_sightless_eye, nicolae_vaults_mitosis,
          nicolae_vaults_house_2, vaults_mumra_lcd,
          nicolae_vaults_holding_cells, ontoclasm_vaults_gateway,
          ontoclasm_vaults_eye, vaults_dpeg_emergency_exit,
          layout_vaults_big_room, serial_shops, nicolae_shop_tiny_statue_garden,
          uniq_nikola, uniq_margery, uniq_boris
Vaults:3: dpeg_vaults_monster_row, nicolae_vaults_door_testing_chamber,
          nicolae_vaults_network_quinsquares
          [nicolae_vaults_network_quincunx_subvault,
          nicolae_vaults_network_quincunx_subvault,
          nicolae_vaults_network_quincunx_subvault,
          nicolae_vaults_network_quincunx_subvault], nicolae_vaults_alarming,
          nicolae_vaults_enemy_cabinets, nicolae_vaults_diamond_1,
          nicolae_vaults_apartment_2, layout_vaults_omnigrid,
          minmay_crypt_entry_simple_statues
Vaults:4: nicolae_vaults_shipping_containers_2, nicolae_vaults_sealed_display,
          vaults_room_ringed_pool, nicolae_vaults_storage_closets_1, v_misc_11,
          nicolae_vaults_steering_wheel, nicolae_vaults_circle_grid_b,
          ontoclasm_vaults_idyll, nicolae_vaults_trapezoid_3,
          nicolae_vaults_apartment_2, nicolae_vaults_tetromino_T_2,
          nicolae_vaults_heart-shaped_vault, v_misc_1,
          nicolae_vaults_hallways_thing, vaults_dpeg_encased_lava,
          layout_vaults_maze_bifur, serial_shops, nicolae_diamond_shop
Vaults:5: serial_shops, uniq_frederick
Crypt:1:  layout_chaotic_city, lemuel_nasty_fountain, uniq_donald
Crypt:2:  layout_misc_corridors, minivault_11
Crypt:3:  due_elkab, layout_chaotic_city, not_door_vault_mu
Tomb:1
Tomb:2
Tomb:3
Depths:1: kennysheep_bubble_arena, layout_basic, bloody_trog,
          grunt_hell_entry_dis_mu, minmay_door_square, nicolae_shop_firing_range
Depths:2: regret_index_qazlal_generations, layout_gridlike, abyss_entry,
          grunt_mini_vestibule, amcnicky_mini_rare_corridor_liquid, pan_entry,
          fake_guardian_serpent_vault
Depths:3: grunt_twist_and_shout, layout_honeycomb, enter_ziggurat_d,
          hangedman_abyss_or_decor_stagger, hellmouth_1,
          abyss_entry_small_statue_room, minmay_shop_grove,
          infiniplex_staircase_zigzag_5, uniq_mennas
Depths:4: grunt_zot_entry_funnels, layout_cave_shapes, hangedman_decor_riveting,
          hangedman_geh_valley
Hell
Dis:1:    layout_jigsaw, nicolae_dis_having_a_grate_time
Dis:2:    layout_jigsaw
Dis:3:    layout_regular_city
Dis:4:    layout_jigsaw
Dis:5:    layout_regular_city
Dis:6:    layout_jigsaw
Geh:1:    layout_gehenna_lava_caves
Geh:2:    layout_gehenna_lava_caves
Geh:3:    layout_gehenna_pools_triple
Geh:4:    hangedman_mysterious_dungeon_monster_house
Geh:5:    nicolae_hells_titanomachy
Geh:6:    layout_gehenna_pools_triple
Geh:7:    evilmike_geh
Coc:1:    layout_cocytus_water_paths
Coc:2:    layout_cocytus_delve
Coc:3:    layout_ice_bergs
Coc:4:    layout_cocytus_water_paths
Zot:1:    layout_cathedral_of_symmetry, regret_index_zotdec_twisting_globes,
          grunt_megastairs_2
Zot:2:    nicolae_zot_draconian_monastery, layout_gridlike
Zot:3:    layout_gridlike, hangedman_zot_decor_scrapings, lemuel_elevator
Zot:4:    layout_misc_corridors, regret_index_zotdec_tunneler, st_stairs_10,
          regret_index_zotdec_ceiling_fans, zot_minivault_6, uniq_parghit
Zot:5:    layout_gridlike

Skill      XL: |  1  2  3  4  5  6  7  8  9 10 11 12 13 14 15 16 17 18 19 20 21 22 23 24 25 26 27 |
---------------+----------------------------------------------------------------------------------+-----
Transmutations | 1 |  1.0
Fighting       | 1 2 3 4 5 6 7 9 10 11 12 13 15 20 | 20.4
Spellcasting   | 3 4 5 7 8 9 10 12 13 14 15 17 18 19 21 22 23 24 25 27 | 27.0
Armour         | 1 2 3 5 6 8 10 15 | 15.0
Stealth        | 2 3 6 |  6.0
Dodging        | 2 3 4 5 6 7 8 9 10 11 | 11.0
Earth Magic    | 3 4 5 6 7 8 9 10 11 12 13 14 15 16 17 19 20 23 25 27 | 27.0
Conjurations   | 1 2 4 5 6 7 8 9 10 11 12 13 14 15 16 17 21 | 21.6
Evocations     | 1 2 3 4 10 | 10.0
Ranged Weapons | 2 |  2.0
Shields        | 1 3 4 5 6 7 9 10 12 | 12.0
Necromancy     | 3 4 5 |  5.0
Short Blades   | 2 |  2.0
Air Magic      | 1 3 4 5 |  5.0
Poison Magic   | 1 |  1.0
Hexes          | 2 |  2.0
Staves         | 1 2 6 |  6.9
Throwing       | 2 3 |  3.0
Long Blades    | 9 |  9.8
Fire Magic     | 3 |  3.0
Maces & Flails | |  0.6

Action                     |  1- 3 |  4- 6 |  7- 9 | 10-12 | 13-15 | 16-18 | 19-21 | 22-24 | 25-27 || total
---------------------------+-------+-------+-------+-------+-------+-------+-------+-------+-------++-------
  Melee: Whip              |     5 |       |       |       |       |       |       |       |       ||     5
         Short sword       |       |     9 |       |       |       |       |       |       |       ||     9
         Staff             |       |       |       |       |     1 |     4 |       |     9 |     3 ||    17
   Fire: Sling             |    22 |    19 |       |       |       |       |       |       |       ||    41
         Shortbow          |       |       |    25 |    69 |     4 |       |       |       |       ||    98
  Throw: Dart              |       |       |     7 |    19 |    16 |    10 |     6 |     2 |     6 ||    66
   Cast: Sandblast         |    43 |   123 |   112 |   170 |   376 |   474 |   221 |   130 |   126 ||  1775
         Stone Arrow       |       |       |    68 |   304 |   335 |   132 |   386 |   281 |   316 ||  1822
         Necrotise         |       |       |       |     6 |       |       |       |       |       ||     6
         Brom's Barrelling |       |       |       |     1 |       |     8 |     1 |     1 |     3 ||    14
         Mephitic Cloud    |       |       |       |     3 |    13 |     5 |    20 |     6 |       ||    47
         Iskenderun's Batt |       |       |       |       |    90 |   131 |   159 |   158 |   232 ||   770
         Arcjolt           |       |       |       |       |    29 |    24 |    50 |    27 |    19 ||   149
         Bombard           |       |       |       |       |    69 |   213 |   398 |   664 |  1127 ||  2471
         Fulminant Prism   |       |       |       |       |     2 |       |     3 |     8 |     1 ||    14
         Lee's Rapid Decon |       |       |       |       |       |     7 |    13 |   104 |   139 ||   263
         Orb of Destructio |       |       |       |       |       |       |    27 |    22 |    41 ||    90
         Shatter           |       |       |       |       |       |       |       |     4 |   180 ||   184
         Iskenderun's Myst |       |       |       |       |       |       |       |     2 |     4 ||     6
         Petrify           |       |       |       |       |       |       |       |       |     4 ||     4
         Lehudib's Crystal |       |       |       |       |       |       |       |       |    70 ||    70
  Evoke: Wand              |       |     1 |     1 |     5 |       |    17 |     1 |     8 |     8 ||    41
         Phantom mirror    |       |       |       |       |     1 |       |     2 |       |       ||     3
         Phial of floods   |       |       |       |       |       |       |     1 |       |       ||     1
    Use: Scroll            |       |     7 |     5 |    16 |     5 |     8 |    10 |     5 |    13 ||    69
 Armour: Robe              |    21 |    53 |    69 |    44 |       |       |       |       |       ||   187
         Steam dragon scal |       |       |     9 |     1 |       |       |       |       |       ||    10
         Ring mail         |       |       |       |   163 |   147 |       |       |       |       ||   310
         Acid dragon scale |       |       |       |     7 |       |       |       |       |       ||     7
         Skin              |       |       |       |     3 |       |       |       |       |       ||     3
         Leather armour    |       |       |       |       |   106 |   398 |   303 |   279 |   704 ||  1790
  Dodge: Dodged            |    27 |    58 |    74 |   276 |   312 |   474 |   376 |   393 |   702 ||  2692
  Block: Buckler           |       |       |       |       |   108 |   187 |   222 |   208 |   328 ||  1053
         Reflection        |       |       |       |       |       |       |    54 |    14 |    23 ||    91
         Orb               |       |       |       |       |       |       |     5 |       |       ||     5

Table legend: (Time is in decaauts)
 A = Elapsed time spent in this place.
 B = Non-inter-level travel time spent in this place.
 C = Inter-level travel time spent in this place.
 D = Time resting spent in this place.
 E = Time spent auto-exploring this place.
 F = Levels seen in this place.
 G = Mean time per level.
                   A        B        C        D        E       F      G
               +--------+--------+--------+--------+--------+-----+--------+
         Total | 112578 | 100751 |  11827 |  34540 |  40770 |  82 | 1372.9 |
       Dungeon |  22542 |  19348 |   3194 |   6021 |   8387 |  15 | 1502.8 |
          Lair |   8736 |   7554 |   1182 |   1308 |   4291 |   5 | 1747.2 |
         Swamp |   3611 |   3411 |    200 |    563 |   2135 |   4 |  902.8 |
   Spider Nest |   6932 |   6514 |    418 |   1821 |   3325 |   4 | 1733.0 |
    Slime Pits |   4841 |   4336 |    505 |   1303 |   1826 |   5 |  968.2 |
  Orcish Mines |   2171 |   1942 |    229 |    680 |    777 |   2 | 1085.5 |
   Elven Halls |   5975 |   5694 |    281 |   1651 |   2219 |   3 | 1991.7 |
        Vaults |  13072 |  11309 |   1763 |   4498 |   4326 |   5 | 2614.4 |
         Crypt |   6126 |   5492 |    634 |   1632 |   2442 |   3 | 2042.0 |
          Tomb |   4325 |   3530 |    795 |   1618 |    853 |   3 | 1441.7 |
        Depths |   6961 |   6261 |    700 |   1921 |   2995 |   4 | 1740.2 |
          Hell |   2199 |   2069 |    130 |   1329 |    451 |   1 | 2199.0 |
           Dis |   2723 |   2536 |    187 |   1450 |    519 |   6 |  453.8 |
       Gehenna |   6086 |   5747 |    339 |   2498 |   1625 |   7 |  869.4 |
       Cocytus |   1765 |   1648 |    117 |    820 |    574 |   4 |  441.2 |
           Zot |  13059 |  11911 |   1148 |   4990 |   3749 |   5 | 2611.8 |
         Abyss |    512 |    512 |      0 |     79 |    157 |   3 |  170.7 |
         Trove |     48 |     48 |      0 |      0 |      5 |   1 |   48.0 |
       Volcano |    375 |    375 |      0 |    130 |      0 |   1 |  375.0 |
      Gauntlet |    509 |    509 |      0 |    226 |    113 |   1 |  509.0 |
               +--------+--------+--------+--------+--------+-----+--------+

Top non-repeatable levels by time:
   Zot:5: 3471 daAuts
Vaults:4: 3403 daAuts
Vaults:3: 3367 daAuts
   Geh:7: 3188 daAuts
   Zot:2: 3094 daAuts
    D:11: 3005 daAuts
 Crypt:3: 2953 daAuts
Vaults:2: 2920 daAuts
   Zot:4: 2658 daAuts
    D:13: 2304 daAuts
  Tomb:1: 2296 daAuts
    Hell: 2199 daAuts
Depths:2: 2194 daAuts
Vaults:1: 2126 daAuts
   Elf:3: 2115 daAuts
